 Dungeon Crawl Stone Soup version 0.30-a0-636-g200c5c4a83 (webtiles) character file.

Game seed: 8318400267901434171

1492985 EnegeticOcto the Champion of Chaos (level 26, 216/216 HPs)
             Began as a Gnoll Monk on Jan 15, 2023.
             Was the Champion of Makhleb.
             Escaped with the Orb
             ... and 3 runes!
             The game lasted 02:30:05 (84235 turns).

EnegeticOcto the Champion of Chaos (Gnoll Monk)    Turns: 84235, Time: 02:30:06

Health: 216/216    AC: 27    Str: 11    XL:     26   Next: 78%
Magic:  40/40      EV: 32    Int: 28    God:    Makhleb [******]
Gold:   7718       SH: 10    Dex: 16    Spells: 4/61 levels left

rFire   + . .      SeeInvis .    V - staff of air {!a}
rCold   + . .      Faith    .    X - +1 buckler {rC+}
rNeg    + . .      Spirit   +    f - +1 ring mail of Dim Light {Drain +Blink rElec Int+8}
rPois   .          Reflect  .    O - +2 hat of the Bear Spirit {Spirit, Bear, *Rage Will++}
rElec   +          Harm     .    H - +2 cloak {Will+}
rCorr   .          Rampage  .    e - +2 pair of gloves
Will    +++++      Rage     20%  q - +2 pair of boots
Stlth   +++                      W - macabre finger necklace {Finger+ rN+}
HPRegen 0.56/turn                x - ring of the Hare {EV+10}
MPRegen 0.27/turn                n - ring of willpower
                                 y - ring of protection from fire

@: no status effects
A: fangs 1, strong nose, distributed training, antennae 1, iridescent scales 2,
low MP 1, evolution 1, sturdy frame 1
0: Orb of Zot
}: 3/15 runes: barnacled, silver, gossamer
a: Renounce Religion, Evoke Blink, Minor Destruction, Lesser Servant of Makhleb,
Major Destruction, Greater Servant of Makhleb


You escaped.
You worshipped Makhleb.
Makhleb was exalted by your worship.
You visited 11 branches of the dungeon, and saw 51 of its levels.
You visited the Abyss 1 time.
You also visited: Trove and Ossuary.

You collected 10739 gold pieces.
You spent 3021 gold pieces at shops.

Inventory:

Hand Weapons
 d - a +1 dagger of distortion
   (You took it off Sonja on level 10 of the Dungeon)
Missiles
 a - 15 curare-tipped darts
 h - 5 throwing nets {!f}
Armour
 e - a +2 pair of gloves (worn)
   (You found it on level 1 of the Dungeon)
 f - the +1 ring mail of Dim Light (worn) {Drain +Blink rElec Int+8}
   (You found it on level 13 of the Dungeon)

   Int:       It affects your intelligence (+8).
   rElec:     It insulates you from electricity.
   +Blink:    It lets you blink.
   Drain:     It drains your maximum health when unequipped.
 q - a +2 pair of boots (worn)
   (You found it on level 1 of the Lair of Beasts)
 r - the +10 gold dragon scales of Bosiz {Harm rPois rF+ rC+ Regen+ Int+2}
   (You found it in a treasure trove)

   Int:       It affects your intelligence (+2).
   rF:        It protects you from fire.
   rC:        It protects you from cold.
   rPois:     It protects you from poison.
   Regen:     It increases your rate of health regeneration.
   Harm:      It increases damage dealt and taken.
 H - a +2 cloak of willpower (worn)
   (You found it on level 5 of the Lair of Beasts)
 O - the +2 hat of the Bear Spirit (worn) {Spirit, Bear, *Rage Will++}
   (You bought it in a shop on level 1 of the Dungeon)

   Bear:      Going berserk makes the wearer tougher, and they're slowed less
   afterward.
   *Rage:     It berserks you when you make melee attacks (+20% chance).
   Will:      It greatly increases your willpower.
 X - a +1 buckler of cold resistance (worn)
   (You took it off a tengu reaver on level 5 of the Vaults)
Magical Staves
 V - a staff of air (weapon) {!a}
   (You found it on level 4 of the Shoals)
Jewellery
 l - a ring of protection from cold
   (You found it on level 15 of the Dungeon)
 m - the ring "Neeristro" {rElec rCorr Int+6 Slay+3, =R}
   (You bought it in a shop on level 2 of the Orcish Mines)

   [ring of intelligence]

   Int:       It affects your intelligence (+6).
   Slay:      It affects your accuracy & damage with ranged weapons and melee
   (+3).
   rElec:     It insulates you from electricity.
   rCorr:     It protects you from acid and corrosion.
 n - a ring of willpower (right hand)
   (You found it on level 1 of the Lair of Beasts)
 x - the ring of the Hare (left hand) {EV+10}
   (You took it off a vault guard on level 5 of the Vaults)

   [ring of evasion]

   EV:        It affects your evasion (+10).
 y - a ring of protection from fire (on amulet)
   (You bought it in a shop on level 12 of the Dungeon)
 W - the macabre finger necklace (around neck) {Finger+ rN+}
   (You bought it in a shop on level 12 of the Dungeon)

   [amulet of nothing]

   Finger+:   It enables you to equip an extra ring.
   rN:        It protects you from negative energy.
Wands
 v - a wand of roots (42) {@v2}
   (You found it on level 3 of the Lair of Beasts)
 B - a wand of charming (26)
   (You found it on level 4 of the Dungeon)
 G - a wand of polymorph (8)
   (You took it off a deep elf zephyrmancer on level 3 of the Elven Halls)
 R - a wand of acid (25) {@v1}
   (You took it off an orc wizard on level 12 of the Dungeon)
 S - a wand of digging (11) {@v3}
   (You found it on level 5 of the Lair of Beasts)
 Y - a wand of mindburst (19)
   (You found it on level 11 of the Dungeon)
Scrolls
 b - 7 scrolls of vulnerability
 A - 17 scrolls of teleportation {@r3 !r}
 D - 9 scrolls of fog {!r}
 F - 4 scrolls of immolation
 K - 6 scrolls of silence {!r}
 L - 10 scrolls of blinking {@r4}
 P - 4 scrolls of summoning
 T - 5 scrolls of magic mapping {@r5 !r}
 Z - 8 scrolls of fear {!r}
Potions
 c - 9 potions of flight
 g - 12 potions of mutation
 i - 8 potions of might {@q3 !q}
 j - 12 potions of brilliance
 k - 4 potions of lignification {@q6}
 o - 23 potions of curing {@q1 !q}
 p - a potion of resistance
 s - 7 potions of cancellation
 t - 4 potions of magic
 u - 14 potions of attraction
 w - 10 potions of haste {@q4 !q}
 E - 17 potions of heal wounds {@q2 !q}
 J - 6 potions of ambrosia
 N - 5 potions of invisibility
 Q - 5 potions of berserk rage
Miscellaneous
 z - a tin of tremorstones (2/2)
   (You found it on level 4 of the Spider Nest)
 C - a box of beasts
   (You found it on level 3 of the Elven Halls)
 I - a phantom mirror
   (You found it on level 2 of the Vaults)
 M - a phial of floods
   (You found it on level 4 of the Shoals)
 U - a condenser vane
   (You found it on level 4 of the Shoals)


   Skills:
 + Level 19.4 Fighting
 + Level 18.4 Short Blades
 + Level 19.4 Long Blades
 + Level 18.4 Axes
 + Level 18.4 Maces & Flails
 + Level 18.4 Polearms
 + Level 18.4 Staves
 + Level 18.4 Ranged Weapons
 + Level 18.4 Throwing
 + Level 18.4 Armour
 + Level 19.4 Dodging
 + Level 18.9 Stealth
 + Level 18.4 Shields
 + Level 18.4 Unarmed Combat
 + Level 18.4 Spellcasting
 + Level 15.7 Conjurations
 + Level 15.7 Hexes
 + Level 15.7 Summonings
 + Level 15.7 Necromancy
 + Level 15.7 Translocations
 + Level 15.7 Transmutations
 + Level 15.7 Fire Magic
 + Level 15.7 Ice Magic
 + Level 15.7 Air Magic
 + Level 15.7 Earth Magic
 + Level 15.7 Poison Magic
 + Level 19.9 Invocations
 + Level 18.4 Evocations


You had 4 spell levels left.
You knew the following spells:

 Your Spells              Type           Power      Damage    Failure   Level
a - Vampiric Draining     Necr           85%        2d12      0%          3
b - Storm Form            Tmut/Air       53%        N/A       3%          7
c - Vhi's Electric Charg  Tloc/Air       100%       N/A       0%          3
d - Cause Fear            Hex            42%        N/A       1%          4
e - Sublimation of Blood  Necr           85%        N/A       0%          2
f - Yara's Violent Unrav  Hex/Tmut       42%        3d17      1%          5
g - Manifold Assault      Tloc           85%        N/A       1%          4
h - Dragon Form           Tmut           42%        N/A       3%          7
i - Apportation           Tloc           100%       N/A       0%          1
z - Irradiate             Conj/Tmut      42%        3d25      1%          5
K - Kiss of Death         Conj/Necr      100%       2d13      0%          1
M - Borgnjor's Vile Clut  Necr/Erth      42%        N/A       1%          5
R - Borgnjor's Revivific  Necr           42%        N/A       24%         8
Y - Blink                 Tloc           100%       N/A       0%          2

Your spell library contained the following spells:

 Spells                   Type           Power      Damage    Failure   Level
 Freeze                   Ice            100%       1d10      0%          1
 Shock                    Conj/Air       100%       1d9       0%          1
 Slow                     Hex            100%       N/A       0%          1
 Sting                    Tmut/Pois      100%       1d8       0%          1
 Summon Small Mammal      Summ           100%       N/A       0%          1
 Momentum Strike          Conj/Tloc      100%       3d10      0%          2
 Poisonous Vapours        Pois/Air       100%       N/A       0%          2
 Wereblood                Tmut           85%        N/A       0%          2
 Call Canine Familiar     Summ           85%        N/A       0%          3
 Confusing Touch          Hex            85%        N/A       0%          3
 Frozen Ramparts          Ice            100%       1d16      0%          3
 Hailstorm                Conj/Ice       85%        3d17      0%          3
 Ignite Poison            Fire/Tmut/Pois 85%        N/A       0%          3
 Inner Flame              Hex/Fire       85%        N/A       0%          3
 Kindle Blastsparks       Fire/Tloc/Air  100%       2d18      0%          3
 Lesser Beckoning         Tloc           100%       N/A       0%          3
 Mephitic Cloud           Conj/Pois/Air  100%       N/A       0%          3
 Portal Projectile        Hex/Tloc       100%       N/A       0%          3
 Stone Arrow              Conj/Erth      100%       3d13      0%          3
 Summon Guardian Golem    Hex/Summ       85%        N/A       0%          3
 Tukima's Dance           Hex            85%        N/A       0%          3
 Animate Armour           Summ/Erth      100%       N/A       1%          4
 Animate Dead             Necr           85%        N/A       1%          4
 Dispel Undead            Necr           85%        3d27      1%          4
 Ice Form                 Ice/Tmut       85%        N/A       1%          4
 Iskenderun's Mystic Bla  Conj/Tloc      85%        2d17      1%          4
 Leda's Liquefaction      Hex/Erth       42%        N/A       1%          4
 Olgreb's Toxic Radiance  Pois           85%        N/A       1%          4
 Passage of Golubria      Tloc           85%        N/A       1%          4
 Petrify                  Tmut/Erth      85%        N/A       1%          4
 Summon Ice Beast         Ice/Summ       85%        N/A       1%          4
 Summon Lightning Spire   Summ/Air       100%       N/A       1%          4
 Alistair's Intoxication  Tmut/Pois      56%        N/A       1%          5
 Freezing Cloud           Conj/Ice/Air   53%        6-21      1%          5
 Lee's Rapid Deconstruct  Erth           42%        3d21*     1%          5
 Lightning Bolt           Conj/Air       53%        1d75      1%          5
 Metabolic Englaciation   Hex/Ice        42%        N/A       1%          5
 Summon Forest            Summ/Tloc      42%        N/A       1%          5
 Summon Mana Viper        Hex/Summ       85%        N/A       1%          5
 Dispersal                Tloc           42%        N/A       1%          6
 Simulacrum               Ice/Necr       42%        N/A       1%          6
 Statue Form              Tmut/Erth      56%        N/A       1%          6
 Summon Cactus Giant      Summ           42%        N/A       1%          6
 Enfeeble                 Hex            42%        N/A       3%          7
 Haunt                    Necr/Summ      42%        N/A       3%          7
 Ozocubu's Refrigeration  Ice            42%        4d16      3%          7
 Summon Hydra             Summ           42%        N/A       3%          7
 Discord                  Hex            42%        N/A       24%         8
 Disjunction              Tloc           42%        N/A       24%         8
 Ignition                 Fire           42%        3d12      24%         8
 Infestation              Necr           42%        N/A       24%         8
 Lehudib's Crystal Spear  Conj/Erth      42%        10d10     24%         8
 Maxwell's Capacitive Co  Air            53%        ∞         24%         8
 Necromutation            Tmut/Necr      42%        N/A       24%         8
 Death's Door             Necr           42%        N/A       98%         9
 Dragon's Call            Summ           42%        N/A       98%         9
 Fire Storm               Conj/Fire      42%        8d11      98%         9


Dungeon Overview and Level Annotations

Branches:
Dungeon (15/15)            Temple (1/1) D:5            Lair (5/5) D:11
 Shoals (4/4) Lair:2       Spider (4/4) Lair:2        Slime (0/5) Lair:5
    Orc (2/2) D:9             Elf (3/3) Orc:2        Vaults (5/5) D:14
  Crypt (3/3) Vaults:3       Tomb (0/3) Crypt:3      Depths (4/4) D:15
    Zot (5/5) Depths:4    Ossuary (visited)

Altars:
Ashenzari
Cheibriados
Dithmenos
Elyvilon
Fedhas
Gozag
Hepliaklqana
Kikubaaqudgha
Makhleb
Nemelex Xobeh
Okawaru
Qazlal
Ru
Sif Muna
Trog
Uskayaw
Vehumet
Wu Jian
Xom
Yredelemnul
Zin
The Shining One
Jiyva

Shops:
D:1 [   D:6 :   D:9 ?   D:12 =   D:15 (   Orc:2 ==*(   Shoals:2 =   Shoals:3 (
Vaults:1 ?   Depths:1 [

Portals:
Hell: Depths:1 Depths:2 Depths:3 Depths:4
Abyss: Depths:3
Pandemonium: Depths:1 Depths:2 Depths:3
Ziggurat: Depths:2

Annotations:
D:4 exclusion: ice beast
D:9 1 runed translucent door, Syfon's ghost, novice MiFi
D:10 3 runed translucent doors, Caratheodory's ghost, journeyman OpCA
D:12 4 exclusions
Lair:1 exclusion: oklob plant
Shoals:1 exclusion: oklob plant
Spider:3 exclusion: orange crystal statue
Orc:2 1 exclusion
Elf:1 Roxanne
Elf:2 5 runed translucent doors, exclusion: orange crystal statue
Depths:1 exclusion: downstairs
Depths:2 exclusion: upstairs
Zot:5 1 exclusion


Innate Abilities, Weirdness & Mutations

You have very sharp teeth.
Your uncanny sense of smell can sniff out nearby items.
Your experience applies equally to all skills.
You have a pair of small antennae on your head.
You are mostly covered in iridescent scales. (AC +4)
Your magical capacity is low. (-10% MP)
You have hidden genetic potential.
Your movements are slightly less encumbered by armour. (ER -2)


Message History

Makhleb accepts your kill.
You feel better.
Casting: Vhi's Electric Charge (safe; 0% risk of failure)
Confirm with . or Enter, or press ? or * to list all spells.
Charge where?
Press: ? - help, Dir - move target, f - ice devil
Aim: an ice devil (absorbing vital energies, 97% to hit)
You charge forward with an electric crackle!
You batter the ice devil and electrocute it!!
You punch the ice devil.
The ice devil is heavily wounded.
The ice devil hits you but does no damage.
You blast the ice devil!!!
You kill the ice devil!
Makhleb accepts your kill.
No target in view!
(D) Dungeon (T) Temple (L) Lair (A) Shoals (N) Spider Nest (M) Slime Pits (O) Orcish Mines (E) Elven Halls (V) Vaults (C) Crypt (W) Tomb (U) Depths (H) Hell (Z) Zot
Where to? (Enter - D:1 @ (x,y), ? - help)
There is a stone staircase leading up here.
You fly upwards.
There is a stone staircase leading down here.
A Hell Sentinel comes into view.
Casting: Vhi's Electric Charge (safe; 0% risk of failure)
Confirm with . or Enter, or press ? or * to list all spells.
You can't see anything to charge at.
Unknown command.
Aiming: Blinkbolt
Press: ? - help, Dir - move target, f - you You see nothing there to target!
Unknown command.
Casting: Vhi's Electric Charge (safe; 0% risk of failure)
Confirm with . or Enter, or press ? or * to list all spells.
Aiming: Borgnjor's Vile Clutch (safe; 1% risk of failure)
Press: ? - help, Shift-Dir - straight line, f - Hell Sentinel
Aim: a Hell Sentinel (100% to hit)
Zombie hands grab the Hell Sentinel.
The zombie hands constrict the Hell Sentinel.
The zombie hands constrict the Hell Sentinel.
The Hell Sentinel gestures at you. The iron shot misses you.
Casting: Borgnjor's Vile Clutch (safe; 1% risk of failure)
Confirm with . or Enter, or press ? or * to list all spells.
Charge where?
Press: ? - help, Dir - move target, f/p - Hell Sentinel
Aim: a Hell Sentinel (lightly wounded, constricted by zombie hands, 98% to hit)
You charge forward with an electric crackle!
You blast the Hell Sentinel!!!
The Hell Sentinel is moderately wounded.
The zombie hands constrict the Hell Sentinel.
The Hell Sentinel completely misses you. x2
You hit the Hell Sentinel but do no damage.
The Hell Sentinel is moderately wounded.
The zombie hands constrict the Hell Sentinel.
You blast the Hell Sentinel!!!
The Hell Sentinel is severely wounded.
The zombie hands constrict the Hell Sentinel.
The Hell Sentinel completely misses you. x2
You blast the Hell Sentinel!!!
You kill the Hell Sentinel!
Makhleb accepts your kill.
No target in view!
(D) Dungeon (T) Temple (L) Lair (A) Shoals (N) Spider Nest (M) Slime Pits (O) Orcish Mines (E) Elven Halls (V) Vaults (C) Crypt (W) Tomb (U) Depths (H) Hell (Z) Zot
Where to? (Enter - D:1 @ (x,y), ? - help)
There is an escape hatch in the floor here.
There is a stone staircase leading up here.
Your transformation is almost over.
You fly upwards.
Level annotation: exclusion: ice beast
There is a stone staircase leading down here.
You see here a +0 ring mail.
Your transformation has ended.
Your staff of air {!a} unmelds from your body.
Your +2 cloak of willpower unmelds from your body.
The +2 hat of the Bear Spirit {Spirit, Bear, *Rage Will++} unmelds from your body.
Your +2 pair of gloves unmelds from your body.
Your +2 pair of boots unmelds from your body.
Your +1 buckler of cold resistance unmelds from your body.
The +1 ring mail of Dim Light {Drain +Blink rElec Int+8} unmelds from your body.
You feel strong-willed.
You feel spirits watching over you.
You feel resistant to cold.
Magic restored.
There is a stone staircase leading up here.
You climb upwards.
There is a stone staircase leading down here.
There is a stone staircase leading up here.
You climb upwards.
There is a stone staircase leading down here.
There is a stone staircase leading up here.
You climb upwards.
There is a stone staircase leading down here.
There is a staircase leading out of the dungeon here.
Unknown command.
Unknown command.
You have escaped!

....# #####
###########
########.........#
.........#####.8.#
#####.##.#≈2≈#...#
#.##.#≈≈≈#.#.#
#.##.#≈≈≈#.#.#
#.)#.#####.#.#
##.#.......#@#
#.#.#####.#.#
######.#.#≈≈S#.#.#
[......#.#≈≈≈#.#.#
######.#.#S≈≈#...#
#...#####.8.#
###.........#
###########


There were no monsters in sight!

Vanquished Creatures
  A dread lich (Crypt:3)
  2 orbs of fire (Zot:1)
  Mennas (Vaults:4)
  Sojobo (Vaults:5)
  A Killer Klown (Zot:4)
  Josephina (Crypt:3)
  Frederick (Crypt:3)
  Bai Suzhen (Spider:4)
  2 curse toes
  Saint Roka (Crypt:1)
  9 golden dragons
  A caustic shrike (Depths:3)
  Jory (Crypt:1)
  2 electric golems
  11 liches
  10 Orb Guardians
  Zenata (Crypt:1)
  12 tentacled monstrosities
  A Hell Sentinel (D:5)
  2 deep elf blademasters (Elf:3)
  2 deep elf master archers (Elf:3)
  Asterion (Depths:2)
  7 quicksilver dragons
  7 titans
  2 death cobs
  An Executioner (D:9)
  6 ancient champions
  10 sphinxes
  15 tengu reavers
  13 storm dragons
  9 shadow dragons
  4 draconian monks
  An azure jelly (shapeshifter) (Elf:1)
  Ilsuiw (Shoals:3)
  2 revenants
  A caustic shrike zombie (Crypt:2)
  A demonspawn warmonger (D:6)
  7 frost giants
  11 fire giants
  3 draconian knights
  A deep elf sorcerer (Elf:3)
  3 emperor scorpions
  A draconian scorcher (Zot:4)
  5 ghost moths
  The ghost of flinch the Severer, a journeyman DsGl of Jiyva (Shoals:3)
  4 iron dragons (Vaults:5)
  2 balrugs (Depths:4)
  25 vault wardens
  3 draconian annihilators (Zot:1)
  7 ghouls
  4 curse skulls
  An angel (Depths:1)
  A spriggan defender (Depths:3)
  2 orc warlords
  19 ironbound preservers
  3 broodmothers
  2 draconian stormcallers
  A reaper (D:6)
  15 very ugly things
  6 deep elf elementalists (Elf:3)
  11 vampire knights
  A war gargoyle (Vaults:3)
  8 ironbound thunderhulks
  12 stone giants
  6 green draconians
  5 deep elf demonologists
  A demonspawn black sun (D:6)
  10 spark wasps
  5 red draconians
  8 black draconians
  7 deep elf annihilators
  8 purple draconians
  6 yellow draconians
  4 white draconians
  13 dire elephants
  4 merfolk javelineers
  4 eidola
  11 deep elf death magi
  20 ettins
  2 crystal guardians (Vaults:3)
  15 yaktaur captains
  2 deep elf high priests (Elf:3)
  6 merfolk impalers
  5 fire dragons
  5 great orbs of eyes
  9 entropy weavers
  4 rakshasas
  37 vault guards
  A spriggan zombie (Crypt:1)
  3 merfolk avatars (Shoals:4)
  2 peacekeepers
  2 hydras
  7 ice dragons
  4 spriggan air magi
  5 death knights
  An Orb Guardian zombie (Crypt:3)
  3 radroaches
  A hell beast (Depths:3)
  5 catoblepae
  9 ironbound frosthearts
  2 merfolk aquamancers
  13 centaur warriors
  3 jorogumos
  4 ogre magi
  3 satyrs
  Erica (D:9)
  An alligator snapping turtle (Shoals:4)
  9 two-headed ogres
  7 tengu warriors
  7 boulder beetles
  2 titan zombies
  5 vampire magi
  15 dancing weapons
  8 deep troll shamans
  5 deep troll earth magi
  10 death yaks
  An orc high priest (Orc:2)
  16 deep elf knights
  14 hell knights
  3 spriggan berserkers
  4 soul eaters
  2 sun demons (Depths:4)
  19 skeletal warriors
  2 spriggans (Depths:4)
  Nergalle (Lair:2)
  Sonja (D:10)
  A fire crab (shapeshifter) (D:15)
  4 shadow wraiths (Crypt:3)
  An iron giant zombie (Crypt:3)
  A sea snake (shapeshifter) (Vaults:5)
  7 pharaoh ants
  A sixfirhy (Depths:2)
  2 bog bodies (Crypt:2)
  11 iron trolls
  3 sun moths
  6 glowing orange brains
  An anaconda zombie (Crypt:1)
  5 sea snakes
  46 deep trolls
  6 flayed ghosts
  12 orb spiders
  9 lindwurms
  8 wizards
  A swamp dragon (Lair:5)
  Pikel (D:6)
  10 steelbarb worms
  24 ironbound convokers
  A swamp dragon (shapeshifter) (Vaults:5)
  4 necromancers
  10 phantasmal warriors
  A bunyip skeleton (Crypt:2)
  7 orc knights
  20 deep elf archers
  11 fauns
  37 deep elf pyromancers
  26 deep elf zephyrmancers
  17 harpies
  7 orc sorcerers
  A goliath frog zombie (Crypt:3)
  16 wolf spiders
  2 stone giant zombies
  11 cyclopes
  14 manticores
  18 moths of wrath
  A jorogumo skeleton (Crypt:2)
  42 ugly things
  15 elephants
  A manticore (shapeshifter) (Elf:3)
  9 merfolk sirens
  4 black mambas
  A naga zombie (Crypt:2)
  8 demonic crawlers
  6 water nymphs
  2 smoke demons (Depths:4)
  An eye of devastation (shapeshifter) (Vaults:5)
  16 vault sentinels
  5 torpor snails
  A gargoyle (D:13)
  15 cane toads
  A titan simulacrum (Crypt:3)
  2 unseen horrors
  A dire elephant skeleton (Crypt:1)
  5 freezing wraiths
  3 kobold demonologists
  A catoblepas zombie (Crypt:1)
  7 komodo dragons
  Maggie (D:7)
  A sea snake zombie (Crypt:2)
  9 rime drakes
  27 yaktaurs
  8 tengu conjurers
  An ice devil (D:6)
  A redback zombie (Crypt:2)
  A merfolk (shapeshifter) (Vaults:5)
  7 wind drakes
  5 trolls
  20 merfolk
  3 hornets
  A harpy zombie (Crypt:1)
  10 polar bears
  A spectral harpy (Crypt:1)
  A wind drake (shapeshifter) (Elf:2)
  A hellwing (Depths:3)
  4 blink frogs (Lair:5)
  A meliai (Spider:4)
  28 tarantellas
  Grinder (D:6)
  6 dream sheep
  A guardian serpent zombie (Crypt:1)
  A stone giant simulacrum (Vaults:1)
  A human simulacrum (Vaults:1)
  A culicivora zombie (Crypt:3)
  12 snapping turtles
  28 jumping spiders
  26 slime creatures
  22 culicivoras
  3 air elementals
  18 flying skulls
  5 wraiths
  5 wyverns
  2 dire elephant simulacra (Crypt:3)
  15 water elementals
  A vampire (D:9)
  63 yaks
  6 basilisks
  4 fire elementals
  A neqoxec (Depths:3)
  104 redbacks
  3 steam dragons
  A wind drake skeleton (Crypt:3)
  A chaos spawn (Depths:3)
  Menkaure (D:7)
  An acid dragon (D:12)
  A warg (Orc:1)
  A demonspawn skeleton (Crypt:1)
  A floating eye (Vaults:3)
  10 water moccasins
  3 large abominations
  33 orc warriors
  3 swamp drakes (Lair:5)
  A hornet zombie (Crypt:3)
  2 black bears
  3 boggarts (D:14)
  2 black mamba simulacra
  5 centaurs
  A lindwurm skeleton (Crypt:1)
  8 wolves
  A human skeleton (Vaults:1)
  9 ogres
  A rime drake zombie (Crypt:3)
  A phantom (D:5)
  A rime drake skeleton (Crypt:2)
  2 kobold brigands
  15 bullfrogs
  7 scorpions
  2 earth elementals
  A gnoll sergeant (D:8)
  3 water moccasin zombies (Ossuary)
  A necrophage (D:5)
  A cyclops zombie (Crypt:2)
  4 wights (D:6)
  9 killer bees
  5 spriggan skeletons (D:9)
  A troll skeleton (D:9)
  2 electric eels
  2 howler monkeys
  4 jellies
  A hound (D:9)
  21 orc priests
  2 gnoll boudas (D:9)
  9 iguanas
  39 orc wizards
  A hell rat (Lair:5)
  A boggart skeleton (Crypt:1)
  An acid dragon zombie (Crypt:3)
  An ice beast zombie (Crypt:2)
  A sky beast zombie (Crypt:2)
  2 mummies (Ossuary)
  A howler monkey zombie (Crypt:3)
  14 gnolls
  10 adders
  4 white imps
  An ufetubus (D:7)
  5 adder zombies (Ossuary)
  3 worms
  3 dart slugs
  105 orcs
  12 ball pythons
  A bat zombie (Crypt:2)
  7 endoplasms
  5 giant cockroaches
  6 gnoll zombies (Ossuary)
  5 goblins
  6 hobgoblins
  7 jackals
  9 quokkas
  12 bats
  7 frilled lizards
  5 hobgoblin zombies (Ossuary)
  13 kobolds
  5 kobold zombies
  7 orc zombies (Ossuary)
  A quokka skeleton (Crypt:1)
  2 quokka zombies
  4 rats
  A rat zombie (D:8)
2162 creatures vanquished.

Vanquished Creatures (collateral kills)
  An alligator snapping turtle (Shoals:3)
  A jorogumo (Spider:4)
  A sun moth (Spider:4)
  A steelbarb worm (Spider:4)
  2 wolf spiders (Spider:4)
  2 manticores
  A snapping turtle (Shoals:3)
  A water elemental (Shoals:4)
  A redback (Spider:4)
11 creatures vanquished.

Vanquished Creatures (others)
  A harpy (Shoals:4)
  A bush (Lair:5)
  28 fungi
  84 plants
114 creatures vanquished.

Grand Total: 2287 creatures vanquished

Notes
Turn   | Place    | Note
-------+----------+-------------------------------------------
     0 | D:1      | EnegeticOcto the Gnoll Monk began the quest for the Orb.
     0 | D:1      | Reached XP level 1. HP: 23/23 MP: 1/1
     3 | D:1      | Noticed an electric eel
     4 | D:1      | Noticed an electric eel
   203 | D:1      | Reached XP level 2. HP: 25/29 MP: 2/2
   671 | D:1      | Found Macol's Armour Emporium.
  1112 | D:2      | Reached XP level 3. HP: 35/35 MP: 3/3
  1379 | D:2      | Reached skill level 1 in Invocations
  1524 | D:2      | Reached skill level 1 in Short Blades
  1524 | D:2      | Reached skill level 1 in Axes
  1524 | D:2      | Reached skill level 1 in Maces & Flails
  1524 | D:2      | Reached skill level 1 in Polearms
  1524 | D:2      | Reached skill level 1 in Staves
  1524 | D:2      | Reached skill level 1 in Ranged Weapons
  1524 | D:2      | Reached skill level 1 in Throwing
  1524 | D:2      | Reached skill level 1 in Armour
  1524 | D:2      | Reached skill level 1 in Shields
  1524 | D:2      | Reached skill level 1 in Unarmed Combat
  1524 | D:2      | Reached skill level 1 in Spellcasting
  1524 | D:2      | Reached skill level 1 in Evocations
  1586 | D:2      | Reached XP level 4. HP: 41/41 MP: 5/5
  1706 | D:2      | Found a shimmering altar of Xom.
  2169 | D:2      | Learned a level 1 spell: Freeze
  2456 | D:3      | Reached skill level 1 in Conjurations
  2456 | D:3      | Reached skill level 1 in Hexes
  2456 | D:3      | Reached skill level 1 in Summonings
  2456 | D:3      | Reached skill level 1 in Necromancy
  2456 | D:3      | Reached skill level 1 in Translocations
  2456 | D:3      | Reached skill level 1 in Transmutations
  2456 | D:3      | Reached skill level 1 in Fire Magic
  2456 | D:3      | Reached skill level 1 in Ice Magic
  2456 | D:3      | Reached skill level 1 in Air Magic
  2456 | D:3      | Reached skill level 1 in Earth Magic
  2456 | D:3      | Reached skill level 1 in Poison Magic
  2522 | D:3      | Reached XP level 5. HP: 29/47 MP: 5/7
  2934 | D:4      | Noticed an ogre
  3216 | D:4      | Reached skill level 2 in Invocations
  3216 | D:4      | Reached XP level 6. HP: 53/53 MP: 8/8
  3221 | D:4      | Learned a level 1 spell: Kiss of Death
  3225 | D:4      | Learned a level 3 spell: Frozen Ramparts
  3229 | D:4      | Learned a level 3 spell: Vampiric Draining
  3298 | D:4      | Reached skill level 2 in Short Blades
  3298 | D:4      | Reached skill level 2 in Axes
  3298 | D:4      | Reached skill level 2 in Maces & Flails
  3298 | D:4      | Reached skill level 2 in Polearms
  3298 | D:4      | Reached skill level 2 in Staves
  3298 | D:4      | Reached skill level 2 in Ranged Weapons
  3298 | D:4      | Reached skill level 2 in Throwing
  3298 | D:4      | Reached skill level 2 in Armour
  3298 | D:4      | Reached skill level 2 in Shields
  3298 | D:4      | Reached skill level 2 in Unarmed Combat
  3298 | D:4      | Reached skill level 2 in Spellcasting
  3298 | D:4      | Reached skill level 2 in Evocations
  3368 | D:4      | Noticed an ice beast
  3605 | D:4      | Found an opulent altar of Gozag.
  3666 | D:5      | Entered Level 5 of the Dungeon
  3707 | D:5      | Reached skill level 7 in Fighting
  3707 | D:5      | Reached skill level 7 in Long Blades
  3707 | D:5      | Reached skill level 7 in Dodging
  3707 | D:5      | Reached XP level 7. HP: 51/60 MP: 10/10
  3791 | D:5      | Reached skill level 2 in Conjurations
  3791 | D:5      | Reached skill level 2 in Hexes
  3791 | D:5      | Reached skill level 2 in Summonings
  3791 | D:5      | Reached skill level 2 in Necromancy
  3791 | D:5      | Reached skill level 2 in Translocations
  3791 | D:5      | Reached skill level 2 in Transmutations
  3791 | D:5      | Reached skill level 2 in Fire Magic
  3791 | D:5      | Reached skill level 2 in Ice Magic
  3791 | D:5      | Reached skill level 2 in Air Magic
  3791 | D:5      | Reached skill level 2 in Earth Magic
  3791 | D:5      | Reached skill level 2 in Poison Magic
  3949 | D:5      | Reached skill level 5 in Stealth
  3951 | D:5      | Reached skill level 3 in Invocations
  4135 | D:5      | Found a staircase to the Ecumenical Temple.
  4151 | Temple   | Entered the Ecumenical Temple
  4441 | D:5      | Reached skill level 3 in Short Blades
  4441 | D:5      | Reached skill level 3 in Axes
  4441 | D:5      | Reached skill level 3 in Maces & Flails
  4441 | D:5      | Reached skill level 3 in Polearms
  4441 | D:5      | Reached skill level 3 in Staves
  4441 | D:5      | Reached skill level 3 in Ranged Weapons
  4441 | D:5      | Reached skill level 3 in Throwing
  4441 | D:5      | Reached skill level 3 in Armour
  4441 | D:5      | Reached skill level 3 in Shields
  4441 | D:5      | Reached skill level 3 in Unarmed Combat
  4441 | D:5      | Reached skill level 3 in Spellcasting
  4441 | D:5      | Reached skill level 3 in Evocations
  4441 | D:5      | Reached XP level 8. HP: 66/67 MP: 10/12
  4980 | D:6      | Noticed a hornet
  4988 | D:6      | Paralysed by a hornet for 1 turns
  4992 | D:6      | Paralysed by a hornet for 2 turns
  5004 | D:6      | Learned a level 2 spell: Poisonous Vapours
  5004 | D:6      | Killed a hornet
  5430 | D:6      | Learned a level 3 spell: Hailstorm
  5442 | D:6      | Noticed Pikel
  5472 | D:6      | Killed Pikel
  5473 | D:6      | Reached skill level 4 in Short Blades
  5473 | D:6      | Reached skill level 4 in Axes
  5473 | D:6      | Reached skill level 4 in Maces & Flails
  5473 | D:6      | Reached skill level 4 in Polearms
  5473 | D:6      | Reached skill level 4 in Staves
  5473 | D:6      | Reached skill level 4 in Ranged Weapons
  5473 | D:6      | Reached skill level 4 in Throwing
  5473 | D:6      | Reached skill level 4 in Armour
  5473 | D:6      | Reached skill level 4 in Shields
  5473 | D:6      | Reached skill level 4 in Unarmed Combat
  5473 | D:6      | Reached skill level 4 in Spellcasting
  5473 | D:6      | Reached skill level 3 in Conjurations
  5473 | D:6      | Reached skill level 3 in Hexes
  5473 | D:6      | Reached skill level 3 in Summonings
  5473 | D:6      | Reached skill level 3 in Necromancy
  5473 | D:6      | Reached skill level 3 in Translocations
  5473 | D:6      | Reached skill level 3 in Transmutations
  5473 | D:6      | Reached skill level 3 in Fire Magic
  5473 | D:6      | Reached skill level 3 in Ice Magic
  5473 | D:6      | Reached skill level 3 in Air Magic
  5473 | D:6      | Reached skill level 3 in Earth Magic
  5473 | D:6      | Reached skill level 3 in Poison Magic
  5473 | D:6      | Reached skill level 4 in Invocations
  5473 | D:6      | Reached skill level 4 in Evocations
  5473 | D:6      | Reached XP level 9. HP: 54/73 MP: 4/15
  5697 | D:6      | Reached skill level 6 in Stealth
  5727 | D:6      | Found Fadeepry's Self-Improvement Boutique.
  5894 | D:6      | Found a hide-covered altar of Uskayaw.
  5898 | D:6      | Found a radiant altar of Vehumet.
  5939 | D:6      | Noticed Grinder
  6024 | D:6      | Found a white marble altar of Elyvilon.
  6104 | D:6      | Learned a level 2 spell: Blink
  6130 | D:7      | Noticed Menkaure
  6133 | D:7      | Killed Menkaure
  6139 | D:7      | Reached skill level 8 in Fighting
  6139 | D:7      | Reached skill level 8 in Long Blades
  6139 | D:7      | Reached skill level 8 in Dodging
  6211 | D:7      | Reached skill level 5 in Invocations
  6896 | D:1      | Bought the +2 hat of the Bear Spirit {Spirit, Bear, *Rage
                  | Will++} for 383 gold pieces
  6896 | D:1      | Found the +2 hat of the Bear Spirit {Spirit, Bear, *Rage
                  | Will++}
  7020 | D:6      | Paralysed by Grinder for 5 turns
  7050 | D:6      | Killed Grinder
  7051 | D:6      | Reached skill level 4 in Conjurations
  7051 | D:6      | Reached skill level 4 in Hexes
  7051 | D:6      | Reached skill level 4 in Summonings
  7051 | D:6      | Reached skill level 4 in Necromancy
  7051 | D:6      | Reached skill level 4 in Translocations
  7051 | D:6      | Reached skill level 4 in Transmutations
  7051 | D:6      | Reached skill level 4 in Fire Magic
  7051 | D:6      | Reached skill level 4 in Ice Magic
  7051 | D:6      | Reached skill level 4 in Air Magic
  7051 | D:6      | Reached skill level 4 in Earth Magic
  7051 | D:6      | Reached skill level 4 in Poison Magic
  7453 | D:7      | Noticed a troll
  7463 | D:7      | Killed a troll
  7538 | D:7      | Noticed Maggie
  7563 | D:7      | Killed Maggie
  7564 | D:7      | Reached skill level 5 in Short Blades
  7564 | D:7      | Reached skill level 5 in Axes
  7564 | D:7      | Reached skill level 5 in Maces & Flails
  7564 | D:7      | Reached skill level 5 in Polearms
  7564 | D:7      | Reached skill level 5 in Staves
  7564 | D:7      | Reached skill level 5 in Ranged Weapons
  7564 | D:7      | Reached skill level 5 in Throwing
  7564 | D:7      | Reached skill level 5 in Armour
  7564 | D:7      | Reached skill level 5 in Shields
  7564 | D:7      | Reached skill level 5 in Unarmed Combat
  7564 | D:7      | Reached skill level 5 in Spellcasting
  7564 | D:7      | Reached skill level 5 in Evocations
  7564 | D:7      | Reached XP level 10. HP: 82/82 MP: 17/17
  7825 | D:8      | Found a sand-covered staircase.
  7844 | Ossuary  | Entered an ossuary
  8569 | D:8      | Noticed a two-headed ogre
  8596 | D:8      | Killed a two-headed ogre
  8597 | D:8      | Reached skill level 7 in Stealth
  8597 | D:8      | Reached skill level 6 in Invocations
  9418 | D:9      | Noticed a manticore
  9418 | D:9      | Found a huge runed translucent gate.
  9419 | D:9      | Found a huge runed translucent gate.
  9419 | D:9      | Noticed a death yak
  9531 | D:9      | Found a huge runed translucent gate.
  9532 | D:9      | Found a huge runed translucent gate.
  9541 | D:9      | Noticed Syfon's ghost (novice MiFi)
  9561 | D:9      | Found a runed translucent door.
  9719 | D:9      | Found a staircase to the Orcish Mines.
  9749 | D:9      | Noticed a two-headed ogre
  9757 | D:9      | Killed a two-headed ogre
 10393 | D:9      | Reached skill level 9 in Fighting
 10393 | D:9      | Reached skill level 6 in Short Blades
 10393 | D:9      | Reached skill level 9 in Long Blades
 10393 | D:9      | Reached skill level 6 in Axes
 10393 | D:9      | Reached skill level 6 in Maces & Flails
 10393 | D:9      | Reached skill level 6 in Polearms
 10393 | D:9      | Reached skill level 6 in Staves
 10393 | D:9      | Reached skill level 6 in Ranged Weapons
 10393 | D:9      | Reached skill level 6 in Throwing
 10393 | D:9      | Reached skill level 6 in Armour
 10393 | D:9      | Reached skill level 9 in Dodging
 10393 | D:9      | Reached skill level 6 in Shields
 10393 | D:9      | Reached skill level 6 in Unarmed Combat
 10393 | D:9      | Reached skill level 6 in Spellcasting
 10393 | D:9      | Reached skill level 6 in Evocations
 10395 | D:9      | Reached skill level 5 in Conjurations
 10395 | D:9      | Reached skill level 5 in Hexes
 10395 | D:9      | Reached skill level 5 in Summonings
 10395 | D:9      | Reached skill level 5 in Necromancy
 10395 | D:9      | Reached skill level 5 in Translocations
 10395 | D:9      | Reached skill level 5 in Transmutations
 10395 | D:9      | Reached skill level 5 in Fire Magic
 10395 | D:9      | Reached skill level 5 in Ice Magic
 10395 | D:9      | Reached skill level 5 in Air Magic
 10395 | D:9      | Reached skill level 5 in Earth Magic
 10395 | D:9      | Reached skill level 5 in Poison Magic
 10395 | D:9      | Reached XP level 11. HP: 40/89 MP: 5/20
 10547 | D:9      | Found Taaviad's Magic Scroll Boutique.
 10555 | D:9      | Bought a scroll of blinking for 97 gold pieces
 10555 | D:9      | Bought a scroll of identify for 26 gold pieces
 10555 | D:9      | Bought a scroll of identify for 26 gold pieces
 11119 | D:9      | Noticed Erica
 11465 | D:9      | Found a huge runed translucent gate.
 11465 | D:9      | Found a huge runed translucent gate.
 11466 | D:9      | Found a huge runed translucent gate.
 11467 | D:9      | Found a huge runed translucent gate.
 11482 | D:9      | Found Taaviad's Magic Scroll Boutique.
 11542 | D:9      | Killed Erica
 11543 | D:9      | Reached skill level 7 in Invocations
 11775 | D:9      | Found a staircase to the Orcish Mines.
 12302 | D:10     | Entered Level 10 of the Dungeon
 12882 | D:10     | Found a burning altar of Makhleb.
 12944 | D:10     | Reached skill level 8 in Stealth
 13065 | D:10     | Found a glowing silver altar of Zin.
 13087 | D:10     | Noticed Sonja
 13096 | D:10     | Killed Sonja
 13172 | D:10     | Found a runed translucent gate.
 13172 | D:10     | Found a runed translucent gate.
 13172 | D:10     | Found a runed translucent gate.
 13173 | D:10     | Found an opulent altar of Gozag.
 13175 | D:10     | Noticed a two-headed ogre
 13688 | D:10     | Noticed an orc sorcerer
 13693 | D:10     | Noticed a deep elf pyromancer
 13698 | D:10     | Killed an orc sorcerer
 13700 | D:10     | Killed a deep elf pyromancer
 13701 | D:10     | Reached skill level 7 in Short Blades
 13701 | D:10     | Reached skill level 7 in Axes
 13701 | D:10     | Reached skill level 7 in Maces & Flails
 13701 | D:10     | Reached skill level 7 in Polearms
 13701 | D:10     | Reached skill level 7 in Staves
 13701 | D:10     | Reached skill level 7 in Ranged Weapons
 13701 | D:10     | Reached skill level 7 in Throwing
 13701 | D:10     | Reached skill level 7 in Armour
 13701 | D:10     | Reached skill level 7 in Shields
 13701 | D:10     | Reached skill level 7 in Unarmed Combat
 13701 | D:10     | Reached skill level 7 in Spellcasting
 13701 | D:10     | Reached skill level 7 in Evocations
 13897 | D:10     | Noticed Caratheodory's ghost (journeyman OpCA)
 13897 | D:10     | Noticed a five-headed hydra
 13975 | D:10     | Learned a level 4 spell: Olgreb's Toxic Radiance
 14091 | D:10     | Became a worshipper of Makhleb the Destroyer
 14091 | D:10     | Reached * piety under Makhleb
 14091 | D:10     | Reached ** piety under Makhleb
 14168 | D:11     | Identified the +5 ring mail of Midwinter {Str+2 Dex+2}
 14440 | D:11     | Noticed a two-headed ogre
 14459 | D:11     | Killed a two-headed ogre
 14460 | D:11     | Reached XP level 12. HP: 97/97 MP: 19/22
 14610 | D:9      | Bought a scroll of teleportation for 39 gold pieces
 14610 | D:9      | Bought a scroll of fog for 52 gold pieces
 14863 | D:11     | Found a staircase to the Lair.
 15321 | D:11     | Reached skill level 6 in Conjurations
 15321 | D:11     | Reached skill level 6 in Hexes
 15321 | D:11     | Reached skill level 6 in Summonings
 15321 | D:11     | Reached skill level 6 in Necromancy
 15321 | D:11     | Reached skill level 6 in Translocations
 15321 | D:11     | Reached skill level 6 in Transmutations
 15321 | D:11     | Reached skill level 6 in Fire Magic
 15321 | D:11     | Reached skill level 6 in Ice Magic
 15321 | D:11     | Reached skill level 6 in Air Magic
 15321 | D:11     | Reached skill level 6 in Earth Magic
 15321 | D:11     | Reached skill level 6 in Poison Magic
 15536 | Lair:1   | Entered Level 1 of the Lair of Beasts
 15629 | Lair:1   | Reached skill level 8 in Invocations
 16136 | Lair:1   | Reached skill level 10 in Fighting
 16136 | Lair:1   | Reached skill level 10 in Long Blades
 16136 | Lair:1   | Reached skill level 10 in Dodging
 16990 | Lair:1   | Found a hide-covered altar of Uskayaw.
 17188 | Lair:1   | Gained mutation: Your flesh is cold resistant. (rC+)
                  | [potion of mutation]
 17188 | Lair:1   | Gained mutation: Potions are less effective at restoring
                  | your health. [potion of mutation]
 17188 | Lair:1   | Gained mutation: Your muscles are strong. (Str +4, Int/Dex
                  | -1) [potion of mutation]
 17189 | Lair:1   | Lost mutation: Your muscles are strong. (Str +4, Int/Dex
                  | -1) [potion of mutation]
 17189 | Lair:1   | Lost mutation: Potions are less effective at restoring your
                  | health. [potion of mutation]
 17189 | Lair:1   | Gained mutation: You do not regenerate when monsters are
                  | visible. [potion of mutation]
 17189 | Lair:1   | Gained mutation: You are partially covered in iridescent
                  | scales. (AC +2) [potion of mutation]
 17189 | Lair:1   | Gained mutation: You are frail. (-10% HP) [potion of
                  | mutation]
 17189 | Lair:1   | Gained mutation: You are mostly covered in iridescent
                  | scales. (AC +4) [potion of mutation]
 17190 | Lair:1   | Lost mutation: Your flesh is cold resistant. (rC+) [potion
                  | of mutation]
 17190 | Lair:1   | Lost mutation: You are mostly covered in iridescent scales.
                  | (AC +4) [potion of mutation]
 17190 | Lair:1   | Lost mutation: You are frail. (-10% HP) [potion of
                  | mutation]
 17190 | Lair:1   | Lost mutation: You do not regenerate when monsters are
                  | visible. [potion of mutation]
 17190 | Lair:1   | Gained mutation: You have hidden genetic potential. [potion
                  | of mutation]
 17190 | Lair:1   | Gained mutation: Your mind is acute. (Int +4, Str/Dex -1)
                  | [potion of mutation]
 17708 | Lair:2   | Reached skill level 9 in Stealth
 17936 | Lair:2   | Found a hole to the Spider Nest.
 17940 | Lair:2   | Reached *** piety under Makhleb
 18064 | Lair:2   | Reached skill level 8 in Short Blades
 18064 | Lair:2   | Reached skill level 8 in Axes
 18064 | Lair:2   | Reached skill level 8 in Maces & Flails
 18064 | Lair:2   | Reached skill level 8 in Polearms
 18064 | Lair:2   | Reached skill level 8 in Staves
 18064 | Lair:2   | Reached skill level 8 in Ranged Weapons
 18064 | Lair:2   | Reached skill level 8 in Throwing
 18064 | Lair:2   | Reached skill level 8 in Armour
 18064 | Lair:2   | Reached skill level 8 in Shields
 18064 | Lair:2   | Reached skill level 8 in Unarmed Combat
 18064 | Lair:2   | Reached skill level 8 in Spellcasting
 18064 | Lair:2   | Reached skill level 8 in Evocations
 18206 | Lair:2   | Found a staircase to the Shoals.
 18206 | Lair:2   | Noticed Nergalle
 18213 | Lair:2   | Killed Nergalle
 18969 | Lair:3   | Reached XP level 13. HP: 104/104 MP: 23/25
 18988 | Lair:3   | Reached skill level 9 in Invocations
 19367 | Lair:3   | Reached skill level 7 in Conjurations
 19367 | Lair:3   | Reached skill level 7 in Hexes
 19367 | Lair:3   | Reached skill level 7 in Summonings
 19367 | Lair:3   | Reached skill level 7 in Necromancy
 19367 | Lair:3   | Reached skill level 7 in Translocations
 19367 | Lair:3   | Reached skill level 7 in Transmutations
 19367 | Lair:3   | Reached skill level 7 in Fire Magic
 19367 | Lair:3   | Reached skill level 7 in Ice Magic
 19367 | Lair:3   | Reached skill level 7 in Air Magic
 19367 | Lair:3   | Reached skill level 7 in Earth Magic
 19367 | Lair:3   | Reached skill level 7 in Poison Magic
 19746 | Lair:3   | Gained mutation: You have a pair of small antennae on your
                  | head. [hidden potential]
 20693 | Lair:4   | You fall into a shaft and drop 1 floor!
 20693 | Lair:5   | Entered Level 5 of the Lair of Beasts
 20910 | Lair:5   | Reached **** piety under Makhleb
 20996 | Lair:5   | Reached skill level 11 in Fighting
 20996 | Lair:5   | Reached skill level 11 in Long Blades
 20996 | Lair:5   | Reached skill level 11 in Dodging
 21607 | Lair:5   | Reached skill level 9 in Short Blades
 21607 | Lair:5   | Reached skill level 9 in Axes
 21607 | Lair:5   | Reached skill level 9 in Maces & Flails
 21607 | Lair:5   | Reached skill level 9 in Polearms
 21607 | Lair:5   | Reached skill level 9 in Staves
 21607 | Lair:5   | Reached skill level 9 in Ranged Weapons
 21607 | Lair:5   | Reached skill level 9 in Throwing
 21607 | Lair:5   | Reached skill level 9 in Armour
 21607 | Lair:5   | Reached skill level 9 in Shields
 21607 | Lair:5   | Reached skill level 9 in Unarmed Combat
 21607 | Lair:5   | Reached skill level 9 in Spellcasting
 21607 | Lair:5   | Reached skill level 9 in Evocations
 21627 | Lair:5   | Reached skill level 10 in Stealth
 22032 | Lair:5   | Reached XP level 14. HP: 113/113 MP: 8/27
 22164 | Lair:5   | Reached skill level 10 in Invocations
 22568 | Lair:5   | Gained mutation: You have great hidden genetic potential.
                  | [hidden potential]
 22568 | Lair:5   | Lost mutation: You have great hidden genetic potential.
                  | [hidden potential expressed]
 23045 | Lair:5   | Found a runed translucent door.
 23046 | Lair:5   | Found a viscous altar of Jiyva.
 23049 | Lair:5   | Found a staircase to the Slime Pits.
 23124 | Lair:5   | Reached ***** piety under Makhleb
 23402 | Lair:5   | Noticed a dire elephant
 23429 | Lair:5   | Killed a dire elephant
 23772 | Lair:5   | Reached skill level 8 in Conjurations
 23772 | Lair:5   | Reached skill level 8 in Hexes
 23772 | Lair:5   | Reached skill level 8 in Summonings
 23772 | Lair:5   | Reached skill level 8 in Necromancy
 23772 | Lair:5   | Reached skill level 8 in Translocations
 23772 | Lair:5   | Reached skill level 8 in Transmutations
 23772 | Lair:5   | Reached skill level 8 in Fire Magic
 23772 | Lair:5   | Reached skill level 8 in Ice Magic
 23772 | Lair:5   | Reached skill level 8 in Air Magic
 23772 | Lair:5   | Reached skill level 8 in Earth Magic
 23772 | Lair:5   | Reached skill level 8 in Poison Magic
 24139 | Lair:5   | Got Ykunef's Codex of Elliptic Lava
 25402 | Orc:1    | Entered Level 1 of the Orcish Mines
 25811 | Orc:2    | Entered Level 2 of the Orcish Mines
 25816 | Orc:2    | Found a staircase to the Elven Halls.
 26727 | Orc:1    | Learned a level 4 spell: Cause Fear
 26733 | Orc:1    | Learned a level 5 spell: Yara's Violent Unravelling
 26841 | Orc:2    | Reached ****** piety under Makhleb
 26862 | Orc:2    | Lost mutation: Your mind is acute. (Int +4, Str/Dex -1) [a
                  | neqoxec]
 27180 | Orc:2    | Reached skill level 10 in Short Blades
 27180 | Orc:2    | Reached skill level 10 in Axes
 27180 | Orc:2    | Reached skill level 10 in Maces & Flails
 27180 | Orc:2    | Reached skill level 10 in Polearms
 27180 | Orc:2    | Reached skill level 10 in Staves
 27180 | Orc:2    | Reached skill level 10 in Ranged Weapons
 27180 | Orc:2    | Reached skill level 10 in Throwing
 27180 | Orc:2    | Reached skill level 10 in Armour
 27180 | Orc:2    | Reached skill level 10 in Shields
 27180 | Orc:2    | Reached skill level 10 in Unarmed Combat
 27180 | Orc:2    | Reached skill level 10 in Spellcasting
 27180 | Orc:2    | Reached skill level 10 in Evocations
 27437 | Orc:2    | Found Harph's Jewellery Shoppe.
 27437 | Orc:2    | Found Usuqoq's Antique Weapon Emporium.
 27438 | Orc:2    | Found Mics's General Store.
 27442 | Orc:2    | Found Qyditaah's Jewellery Shoppe.
 27448 | Orc:2    | Bought the ring "Neeristro" {rElec rCorr Int+6 Slay+3} for
                  | 954 gold pieces
 28100 | D:9      | Bought a scroll of magic mapping for 97 gold pieces
 28100 | D:9      | Bought a scroll of silence for 123 gold pieces
 28125 | D:9      | Reached XP level 15. HP: 118/119 MP: 20/29
 28129 | D:9      | Reached skill level 11 in Invocations
 28130 | D:9      | Reached skill level 12 in Fighting
 28130 | D:9      | Reached skill level 12 in Long Blades
 28130 | D:9      | Reached skill level 12 in Dodging
 28140 | D:9      | Reached skill level 11 in Stealth
 29095 | D:12     | Gained mutation: Your movements are slightly less
                  | encumbered by armour. (ER -2) [hidden potential]
 29960 | D:12     | Found Piagh's Jewellery Emporium.
 30355 | D:13     | Identified the +1 ring mail of Dim Light {Drain +Blink
                  | rElec Int+8}
 32322 | D:14     | Reached skill level 9 in Conjurations
 32322 | D:14     | Reached skill level 9 in Hexes
 32322 | D:14     | Reached skill level 9 in Summonings
 32322 | D:14     | Reached skill level 9 in Necromancy
 32322 | D:14     | Reached skill level 9 in Translocations
 32322 | D:14     | Reached skill level 9 in Transmutations
 32322 | D:14     | Reached skill level 9 in Fire Magic
 32322 | D:14     | Reached skill level 9 in Ice Magic
 32322 | D:14     | Reached skill level 9 in Air Magic
 32322 | D:14     | Reached skill level 9 in Earth Magic
 32322 | D:14     | Reached skill level 9 in Poison Magic
 32566 | D:14     | Found a gate to the Vaults.
 33040 | D:15     | Entered Level 15 of the Dungeon
 33796 | D:15     | Reached XP level 16. HP: 126/129 MP: 1/30
 34015 | D:15     | Found a staircase to the Depths.
 34026 | D:15     | Learned a level 5 spell: Irradiate
 34189 | D:15     | Reached skill level 11 in Short Blades
 34189 | D:15     | Reached skill level 11 in Axes
 34189 | D:15     | Reached skill level 11 in Maces & Flails
 34189 | D:15     | Reached skill level 11 in Polearms
 34189 | D:15     | Reached skill level 11 in Staves
 34189 | D:15     | Reached skill level 11 in Ranged Weapons
 34189 | D:15     | Reached skill level 11 in Throwing
 34189 | D:15     | Reached skill level 11 in Armour
 34189 | D:15     | Reached skill level 11 in Shields
 34189 | D:15     | Reached skill level 11 in Unarmed Combat
 34189 | D:15     | Reached skill level 11 in Spellcasting
 34189 | D:15     | Reached skill level 11 in Evocations
 34294 | D:15     | Found a portal to a secret trove of treasure.
 34490 | D:15     | Reached skill level 12 in Invocations
 34575 | D:15     | Found Aduso's Weapon Emporium.
 35100 | D:15     | Gained mutation: You are mostly covered in iridescent
                  | scales. (AC +4) [hidden potential]
 35100 | D:15     | Lost mutation: You have hidden genetic potential. [hidden
                  | potential expressed]
 36280 | Lair:5   | Got the Parchment of the Amassed Boulder
 36338 | Lair:5   | Learned a level 5 spell: Borgnjor's Vile Clutch
 36416 | Spider:1 | Entered Level 1 of the Spider Nest
 37245 | Spider:1 | Reached skill level 12 in Stealth
 37680 | Spider:1 | Reached skill level 13 in Fighting
 37680 | Spider:1 | Reached skill level 13 in Long Blades
 37680 | Spider:1 | Reached skill level 13 in Dodging
 40004 | Spider:3 | Reached XP level 17. HP: 137/137 MP: 16/32
 40469 | Spider:3 | Reached skill level 10 in Conjurations
 40469 | Spider:3 | Reached skill level 10 in Hexes
 40469 | Spider:3 | Reached skill level 10 in Summonings
 40469 | Spider:3 | Reached skill level 10 in Necromancy
 40469 | Spider:3 | Reached skill level 10 in Translocations
 40469 | Spider:3 | Reached skill level 10 in Transmutations
 40469 | Spider:3 | Reached skill level 10 in Fire Magic
 40469 | Spider:3 | Reached skill level 10 in Ice Magic
 40469 | Spider:3 | Reached skill level 10 in Air Magic
 40469 | Spider:3 | Reached skill level 10 in Earth Magic
 40469 | Spider:3 | Reached skill level 10 in Poison Magic
 41171 | Spider:3 | Reached skill level 13 in Invocations
 41312 | Spider:3 | Reached skill level 12 in Short Blades
 41312 | Spider:3 | Reached skill level 12 in Axes
 41312 | Spider:3 | Reached skill level 12 in Maces & Flails
 41312 | Spider:3 | Reached skill level 12 in Polearms
 41312 | Spider:3 | Reached skill level 12 in Staves
 41312 | Spider:3 | Reached skill level 12 in Ranged Weapons
 41312 | Spider:3 | Reached skill level 12 in Throwing
 41312 | Spider:3 | Reached skill level 12 in Armour
 41312 | Spider:3 | Reached skill level 12 in Shields
 41312 | Spider:3 | Reached skill level 12 in Unarmed Combat
 41312 | Spider:3 | Reached skill level 12 in Spellcasting
 41312 | Spider:3 | Reached skill level 12 in Evocations
 42083 | Spider:4 | Entered Level 4 of the Spider Nest
 44044 | Spider:4 | Reached skill level 13 in Stealth
 44511 | Spider:4 | Noticed Bai Suzhen
 44529 | Spider:4 | Killed Bai Suzhen
 44957 | Spider:4 | Identified a scroll of acquirement
 44957 | Spider:4 | Acquired 431 gold pieces
 44967 | Spider:4 | Reached XP level 18. HP: 145/145 MP: 13/34
 44969 | Spider:4 | Reached skill level 14 in Fighting
 44969 | Spider:4 | Reached skill level 14 in Long Blades
 44969 | Spider:4 | Reached skill level 14 in Dodging
 45414 | Spider:4 | Got a gossamer rune of Zot
 45724 | Shoals:1 | Entered Level 1 of the Shoals
 45739 | Shoals:1 | Found a shadowy altar of Dithmenos.
 47357 | Shoals:2 | Found Selifiw's Jewellery Boutique.
 47972 | Shoals:3 | Noticed Ilsuiw
 47997 | Shoals:3 | Killed Ilsuiw
 48215 | Shoals:3 | Found a transporter.
 48318 | Shoals:3 | Found a transporter.
 48492 | Shoals:3 | Noticed flinch's ghost (journeyman DsGl)
 48830 | Shoals:3 | Found Pacyl's Weapon Boutique.
 49058 | Shoals:3 | Killed flinch's ghost
 49183 | Shoals:3 | Acquired 501 gold pieces
 49188 | Shoals:3 | Identified the -2 helmet of the Spheres {rElec Regen+}
 49217 | Shoals:4 | Entered Level 4 of the Shoals
 49388 | Shoals:4 | Reached skill level 14 in Invocations
 49730 | Shoals:4 | Reached skill level 11 in Conjurations
 49730 | Shoals:4 | Reached skill level 11 in Hexes
 49730 | Shoals:4 | Reached skill level 11 in Summonings
 49730 | Shoals:4 | Reached skill level 11 in Necromancy
 49730 | Shoals:4 | Reached skill level 11 in Translocations
 49730 | Shoals:4 | Reached skill level 11 in Transmutations
 49730 | Shoals:4 | Reached skill level 11 in Fire Magic
 49730 | Shoals:4 | Reached skill level 11 in Ice Magic
 49730 | Shoals:4 | Reached skill level 11 in Air Magic
 49730 | Shoals:4 | Reached skill level 11 in Earth Magic
 49730 | Shoals:4 | Reached skill level 11 in Poison Magic
 50150 | Shoals:4 | Reached skill level 13 in Short Blades
 50150 | Shoals:4 | Reached skill level 13 in Axes
 50150 | Shoals:4 | Reached skill level 13 in Maces & Flails
 50150 | Shoals:4 | Reached skill level 13 in Polearms
 50150 | Shoals:4 | Reached skill level 13 in Staves
 50150 | Shoals:4 | Reached skill level 13 in Ranged Weapons
 50150 | Shoals:4 | Reached skill level 13 in Throwing
 50150 | Shoals:4 | Reached skill level 13 in Armour
 50150 | Shoals:4 | Reached skill level 13 in Shields
 50150 | Shoals:4 | Reached skill level 13 in Unarmed Combat
 50150 | Shoals:4 | Reached skill level 13 in Spellcasting
 50150 | Shoals:4 | Reached skill level 13 in Evocations
 50795 | Shoals:4 | Got a barnacled rune of Zot
 51897 | D:12     | Learned a level 7 spell: Storm Form
 51898 | D:12     | Bought the macabre finger necklace {Finger+ rN+} for 520
                  | gold pieces
 51898 | D:12     | Found the macabre finger necklace {Finger+ rN+}
 51910 | D:12     | Bought a ring of protection from fire for 325 gold pieces
 52486 | Elf:1    | Entered Level 1 of the Elven Halls
 52536 | Elf:1    | Reached XP level 19. HP: 135/153 MP: 33/36
 52620 | Orc:2    | Bought a potion of invisibility for 136 gold pieces
 52620 | Orc:2    | Bought a scroll of amnesia for 68 gold pieces
 52625 | Orc:2    | Learned a level 3 spell: Vhi's Electric Charge
 53134 | Elf:1    | Reached skill level 14 in Stealth
 53705 | Elf:1    | Identified Roxanne's Cyclopedia of the Syncline
 53705 | Elf:1    | Noticed Roxanne
 54399 | Elf:2    | Reached skill level 15 in Fighting
 54399 | Elf:2    | Reached skill level 15 in Long Blades
 54399 | Elf:2    | Reached skill level 15 in Dodging
 54439 | Elf:2    | Identified the +1 bardiche of Kismet {spect, Dex+3}
 54444 | Elf:2    | Found a huge runed translucent gate.
 54444 | Elf:2    | Found a huge runed translucent gate.
 54444 | Elf:2    | Found a huge runed translucent gate.
 54444 | Elf:2    | Found a huge runed translucent gate.
 54490 | Elf:2    | Found a huge runed translucent gate.
 54496 | Elf:2    | Identified the +6 whip of Amorality {flame, rPois}
 55402 | Elf:3    | Entered Level 3 of the Elven Halls
 55869 | Elf:3    | Reached skill level 15 in Invocations
 55971 | Elf:3    | Identified the ring "Atwuj" {rPois Str+6 Dex+6}
 56169 | Abyss:3  | Cast into level 3 of the Abyss (a deep elf demonologist)
 56176 | Elf:3    | Escaped the Abyss
 56179 | Elf:3    | Noticed a Hell Sentinel
 56714 | Elf:3    | Reached XP level 20. HP: 162/162 MP: 25/37
 56719 | Elf:3    | Identified the +6 dire flail of the Scorching Coward
                  | {drain, Will+++}
 56839 | Elf:3    | Identified the +2 dire flail of a volcano {flame, rCorr}
 57056 | Elf:3    | Reached skill level 14 in Short Blades
 57056 | Elf:3    | Reached skill level 14 in Axes
 57056 | Elf:3    | Reached skill level 14 in Maces & Flails
 57056 | Elf:3    | Reached skill level 14 in Polearms
 57056 | Elf:3    | Reached skill level 14 in Staves
 57056 | Elf:3    | Reached skill level 14 in Ranged Weapons
 57056 | Elf:3    | Reached skill level 14 in Throwing
 57056 | Elf:3    | Reached skill level 14 in Armour
 57056 | Elf:3    | Reached skill level 14 in Shields
 57056 | Elf:3    | Reached skill level 14 in Unarmed Combat
 57056 | Elf:3    | Reached skill level 14 in Spellcasting
 57056 | Elf:3    | Reached skill level 14 in Evocations
 57310 | Elf:3    | Identified the +0 ring mail of the Many Emperors {rC+ rCorr
                  | Int-3 Slay+4}
 57462 | Elf:3    | Found the +8 longbow "Zephyr" {speed, Dex+3 SInv}
 58076 | Vaults:1 | Entered Level 1 of the Vaults
 58085 | Vaults:1 | Reached skill level 12 in Conjurations
 58085 | Vaults:1 | Reached skill level 12 in Hexes
 58085 | Vaults:1 | Reached skill level 12 in Summonings
 58085 | Vaults:1 | Reached skill level 12 in Necromancy
 58085 | Vaults:1 | Reached skill level 12 in Translocations
 58085 | Vaults:1 | Reached skill level 12 in Transmutations
 58085 | Vaults:1 | Reached skill level 12 in Fire Magic
 58085 | Vaults:1 | Reached skill level 12 in Ice Magic
 58085 | Vaults:1 | Reached skill level 12 in Air Magic
 58085 | Vaults:1 | Reached skill level 12 in Earth Magic
 58085 | Vaults:1 | Reached skill level 12 in Poison Magic
 58445 | Vaults:1 | Found Giyxeiburch's Magic Scroll Shoppe.
 58453 | Vaults:1 | Bought a scroll of summoning for 133 gold pieces
 58453 | Vaults:1 | Bought a scroll of teleportation for 42 gold pieces
 59567 | Vaults:2 | Reached skill level 15 in Stealth
 59793 | Vaults:2 | Found a crumbling gateway.
 60039 | Vaults:2 | Reached XP level 21. HP: 170/170 MP: 16/39
 60607 | Vaults:3 | Found a staircase to the Crypt.
 60813 | Vaults:3 | Reached skill level 16 in Fighting
 60813 | Vaults:3 | Reached skill level 16 in Long Blades
 60813 | Vaults:3 | Reached skill level 16 in Dodging
 60843 | Vaults:3 | Reached skill level 16 in Invocations
 61136 | Vaults:3 | Identified the +0 robe of Hehase {Int+6}
 61337 | Vaults:3 | Identified the +9 morningstar "Yhonk" {drain, rN+ rCorr}
 61337 | Vaults:3 | Identified the +1 leather armour of Toothy New Discoveries
                  | {rPois rC++ rCorr Int-5}
 61341 | Vaults:3 | Identified the +9 trident of Ehupran {drain, SInv Stlth+}
 61566 | Vaults:3 | Reached skill level 15 in Short Blades
 61566 | Vaults:3 | Reached skill level 15 in Axes
 61566 | Vaults:3 | Reached skill level 15 in Maces & Flails
 61566 | Vaults:3 | Reached skill level 15 in Polearms
 61566 | Vaults:3 | Reached skill level 15 in Staves
 61566 | Vaults:3 | Reached skill level 15 in Ranged Weapons
 61566 | Vaults:3 | Reached skill level 15 in Throwing
 61566 | Vaults:3 | Reached skill level 15 in Armour
 61566 | Vaults:3 | Reached skill level 15 in Shields
 61566 | Vaults:3 | Reached skill level 15 in Unarmed Combat
 61566 | Vaults:3 | Reached skill level 15 in Spellcasting
 61566 | Vaults:3 | Reached skill level 15 in Evocations
 61897 | Vaults:3 | Identified the +1 robe "Emutoryd" {Will+ Str+3}
 62703 | Vaults:3 | Reached skill level 13 in Conjurations
 62703 | Vaults:3 | Reached skill level 13 in Hexes
 62703 | Vaults:3 | Reached skill level 13 in Summonings
 62703 | Vaults:3 | Reached skill level 13 in Necromancy
 62703 | Vaults:3 | Reached skill level 13 in Translocations
 62703 | Vaults:3 | Reached skill level 13 in Transmutations
 62703 | Vaults:3 | Reached skill level 13 in Fire Magic
 62703 | Vaults:3 | Reached skill level 13 in Ice Magic
 62703 | Vaults:3 | Reached skill level 13 in Air Magic
 62703 | Vaults:3 | Reached skill level 13 in Earth Magic
 62703 | Vaults:3 | Reached skill level 13 in Poison Magic
 62714 | Vaults:3 | Reached XP level 22. HP: 171/179 MP: 35/41
 62876 | Vaults:4 | Noticed Mennas
 62882 | Vaults:4 | Killed Mennas
 63304 | Vaults:4 | Reached skill level 16 in Stealth
 64552 | Depths:1 | Entered Level 1 of the Depths
 64580 | Depths:1 | Reached skill level 17 in Invocations
 64654 | Depths:1 | Found a sparkling altar of Nemelex Xobeh.
 64846 | Depths:1 | Found Muisoma's Armour Emporium.
 65330 | Depths:1 | Found a one-way gate leading to the halls of Pandemonium.
 65479 | Depths:1 | Found a gateway to Hell.
 65690 | Depths:2 | Found a hide-covered altar of Uskayaw.
 66194 | Depths:2 | Paralysed by a sphinx for 5 turns
 66203 | Depths:2 | Reached skill level 17 in Fighting
 66203 | Depths:2 | Reached skill level 17 in Long Blades
 66203 | Depths:2 | Reached skill level 17 in Dodging
 66602 | Depths:2 | Noticed Asterion
 66607 | Depths:2 | Killed Asterion
 66608 | Depths:2 | Reached XP level 23. HP: 163/187 MP: 37/42
 67266 | Depths:2 | Found a one-way gateway to a ziggurat.
 67273 | Depths:2 | Identified the ring "Boving" {rElec rPois rF+ Will- Dex+4}
 67278 | Depths:2 | Reached skill level 16 in Short Blades
 67278 | Depths:2 | Reached skill level 16 in Axes
 67278 | Depths:2 | Reached skill level 16 in Maces & Flails
 67278 | Depths:2 | Reached skill level 16 in Polearms
 67278 | Depths:2 | Reached skill level 16 in Staves
 67278 | Depths:2 | Reached skill level 16 in Ranged Weapons
 67278 | Depths:2 | Reached skill level 16 in Throwing
 67278 | Depths:2 | Reached skill level 16 in Armour
 67278 | Depths:2 | Reached skill level 16 in Shields
 67278 | Depths:2 | Reached skill level 16 in Unarmed Combat
 67278 | Depths:2 | Reached skill level 16 in Spellcasting
 67278 | Depths:2 | Reached skill level 16 in Evocations
 67933 | Depths:3 | Noticed a caustic shrike
 67942 | Depths:3 | Killed a caustic shrike
 68016 | Depths:3 | Identified the +1 leather armour "Iworahot" {rPois Int+2}
 68325 | Depths:3 | Found a one-way gate to the infinite horrors of the Abyss.
 68433 | Depths:3 | Identified the +0 pair of boots of the Curious Deaths
                  | {rElec Will+ Dex+2}
 69319 | Crypt:1  | Entered Level 1 of the Crypt
 69570 | Crypt:1  | Noticed Saint Roka
 69779 | Crypt:1  | Killed Saint Roka
 70040 | Crypt:1  | Reached skill level 14 in Conjurations
 70040 | Crypt:1  | Reached skill level 14 in Hexes
 70040 | Crypt:1  | Reached skill level 14 in Summonings
 70040 | Crypt:1  | Reached skill level 14 in Necromancy
 70040 | Crypt:1  | Reached skill level 14 in Translocations
 70040 | Crypt:1  | Reached skill level 14 in Transmutations
 70040 | Crypt:1  | Reached skill level 14 in Fire Magic
 70040 | Crypt:1  | Reached skill level 14 in Ice Magic
 70040 | Crypt:1  | Reached skill level 14 in Air Magic
 70040 | Crypt:1  | Reached skill level 14 in Earth Magic
 70040 | Crypt:1  | Reached skill level 14 in Poison Magic
 70183 | Crypt:1  | Noticed Zenata
 70188 | Crypt:1  | Killed Zenata
 70342 | Crypt:1  | Found an ancient bone altar of Kikubaaqudgha.
 70429 | Crypt:1  | Noticed Jory
 70437 | Crypt:1  | Killed Jory
 70620 | Crypt:1  | Reached skill level 17 in Stealth
 70668 | Crypt:1  | Acquired 854 gold pieces
 71812 | Crypt:2  | Reached skill level 18 in Invocations
 71812 | Crypt:2  | Reached XP level 24. HP: 189/193 MP: 29/43
 72468 | D:15     | You paid a toll of 4 potions of resistance to enter a
                  | treasure trove
 72469 | Trove    | Entered a treasure trove
 72477 | Trove    | Identified the +10 gold dragon scales of Bosiz {Harm rPois
                  | rF+ rC+ Regen+ Int+2}
 72484 | Trove    | Identified the +8 scale mail of the Doldrums {Str+6}
 72698 | Crypt:3  | Entered Level 3 of the Crypt
 72916 | Crypt:3  | Found a staircase to the Tomb.
 72956 | Crypt:3  | Noticed Frederick
 72962 | Crypt:3  | Killed Frederick
 73099 | Crypt:3  | Identified the ring of Ebucwugh {Ice +Blink rPois Dex+3}
 73099 | Crypt:3  | Noticed Josephina
 73115 | Crypt:3  | Killed Josephina
 73527 | Crypt:3  | Noticed a curse toe
 74286 | Crypt:2  | Killed a curse toe
 74649 | Crypt:3  | Noticed a dread lich
 74654 | Crypt:3  | Killed a dread lich
 74785 | Crypt:3  | Learned a level 4 spell: Manifold Assault
 74793 | Crypt:3  | Learned a level 7 spell: Dragon Form
 75421 | Crypt:3  | Identified the amulet "Yliujomp" {Spirit Str+3}
 75560 | Crypt:1  | Learned a level 8 spell: Borgnjor's Revivification
 75712 | Vaults:5 | Entered Level 5 of the Vaults
 75712 | Vaults:5 | Noticed Sojobo
 75717 | Vaults:5 | Reached skill level 18 in Fighting
 75717 | Vaults:5 | Reached skill level 18 in Long Blades
 75717 | Vaults:5 | Reached skill level 18 in Dodging
 75785 | Vaults:5 | Reached skill level 17 in Short Blades
 75785 | Vaults:5 | Reached skill level 17 in Axes
 75785 | Vaults:5 | Reached skill level 17 in Maces & Flails
 75785 | Vaults:5 | Reached skill level 17 in Polearms
 75785 | Vaults:5 | Reached skill level 17 in Staves
 75785 | Vaults:5 | Reached skill level 17 in Ranged Weapons
 75785 | Vaults:5 | Reached skill level 17 in Throwing
 75785 | Vaults:5 | Reached skill level 17 in Armour
 75785 | Vaults:5 | Reached skill level 17 in Shields
 75785 | Vaults:5 | Reached skill level 17 in Unarmed Combat
 75785 | Vaults:5 | Reached skill level 17 in Spellcasting
 75785 | Vaults:5 | Reached skill level 17 in Evocations
 75791 | Vaults:5 | Killed Sojobo
 76732 | Vaults:5 | Reached XP level 25. HP: 204/204 MP: 28/44
 76763 | Vaults:5 | Identified the +5 scimitar of the Keeping Enemy {protect,
                  | rElec}
 76914 | Vaults:5 | Identified the +8 sling of Ambiguity {speed, rElec Int+4}
 77077 | Vaults:5 | Acquired EnegeticOcto's Notes on Battle Magic and Voltage
 77383 | Vaults:5 | Identified the +1 scale mail of the Pink Corner {rElec
                  | Int+6}
 77450 | Vaults:5 | Found the +0 staff of Battle
 77460 | Vaults:5 | Identified the +7 dagger "Ylim" {flame, Dex+3}
 77462 | Vaults:5 | Got Dudduotzut's Lectures on Hexing Tephra
 77552 | Vaults:5 | Got the Grimoire of the Excursion
 77688 | Vaults:5 | Got a silver rune of Zot
 78049 | Vaults:5 | Reached skill level 18 in Stealth
 78049 | Vaults:5 | Reached skill level 19 in Invocations
 78731 | Depths:4 | Entered Level 4 of the Depths
 78893 | Depths:4 | Reached skill level 15 in Conjurations
 78893 | Depths:4 | Reached skill level 15 in Hexes
 78893 | Depths:4 | Reached skill level 15 in Summonings
 78893 | Depths:4 | Reached skill level 15 in Necromancy
 78893 | Depths:4 | Reached skill level 15 in Translocations
 78893 | Depths:4 | Reached skill level 15 in Transmutations
 78893 | Depths:4 | Reached skill level 15 in Fire Magic
 78893 | Depths:4 | Reached skill level 15 in Ice Magic
 78893 | Depths:4 | Reached skill level 15 in Air Magic
 78893 | Depths:4 | Reached skill level 15 in Earth Magic
 78893 | Depths:4 | Reached skill level 15 in Poison Magic
 79996 | Depths:4 | Found a gate to the Realm of Zot.
 80025 | Zot:1    | Entered Level 1 of the Realm of Zot
 80030 | Zot:1    | Learned a level 2 spell: Sublimation of Blood
 80031 | Zot:1    | Noticed an orb of fire
 80032 | Zot:1    | Gained mutation: Your magical capacity is low. (-10% MP)
                  | [an orb of fire]
 80038 | Zot:1    | Killed an orb of fire
 80507 | Zot:1    | Noticed an orb of fire
 80511 | Zot:1    | Gained mutation: You have hidden genetic potential. [an orb
                  | of fire]
 80517 | Zot:1    | Killed an orb of fire
 80534 | Zot:1    | Reached XP level 26. HP: 213/213 MP: 1/40
 80799 | Zot:1    | Reached skill level 18 in Short Blades
 80799 | Zot:1    | Reached skill level 18 in Axes
 80799 | Zot:1    | Reached skill level 18 in Maces & Flails
 80799 | Zot:1    | Reached skill level 18 in Polearms
 80799 | Zot:1    | Reached skill level 18 in Staves
 80799 | Zot:1    | Reached skill level 18 in Ranged Weapons
 80799 | Zot:1    | Reached skill level 18 in Throwing
 80799 | Zot:1    | Reached skill level 18 in Armour
 80799 | Zot:1    | Reached skill level 18 in Shields
 80799 | Zot:1    | Reached skill level 18 in Unarmed Combat
 80799 | Zot:1    | Reached skill level 18 in Spellcasting
 80799 | Zot:1    | Reached skill level 18 in Evocations
 80955 | Zot:1    | Reached skill level 19 in Fighting
 80955 | Zot:1    | Reached skill level 19 in Long Blades
 80955 | Zot:1    | Reached skill level 19 in Dodging
 81230 | Zot:1    | Identified the +5 mace of the Lachrymose God {holy, rN+
                  | Int+3 Dex+2}
 82290 | Zot:4    | Noticed a Killer Klown
 82299 | Zot:4    | Killed a Killer Klown
 83044 | Zot:5    | Entered Level 5 of the Realm of Zot
 83055 | Zot:5    | Learned a level 1 spell: Apportation
 83650 | Zot:5    | Noticed an orb of fire
 83650 | Zot:5    | Noticed an ancient lich
 83653 | Zot:5    | Got the Orb of Zot
 84099 | D:9      | Noticed Jupuzo the pandemonium lord
 84235 | D:$      | Escaped with the Orb!

Illustrated notes

Levels and vault maps discovered:
D:1:      arrival_aquarium_b, layout_basic, serial_shops,
          nicolae_shop_advertising_works [nicolae_subvault_shop_adworks],
          serial_bayou_crossing
D:2:      layout_loops_ring, basic_altar, dk_noncrumbling_4, minmay_heptomino_o4
D:3:      layout_basic, wander_ebering_terrifying_dragon_lair
D:4:      minmay_bubble_buster, layout_cave_pools, mainiacjoe_overflow_alcove_2
D:5:      old_forge, layout_rooms, minmay_temple_entry_slanted
D:6:      layout_rooms, mainiacjoe_overflow_boulevard,
          nicolae_overflow_hidden_temple, nicolae_shop_self_help, uniq_grinder,
          uniq_pikel
D:7:      nicolae_whirlpool, layout_basic, uniq_maggie, uniq_menkaure
D:8:      layout_basic, enter_ossuary_4
D:9:      lemuel_bear_cage, layout_stronghold, hiddenorc2_lemuel,
          hellmonk_ghost_big_iron, serial_shops, shop,
          hellmonk_bongcloud_opening, hangedman_tell_no_tales, uniq_erica
D:10:     layout_basic, zin_statuary, bloody_makhleb, ebering_ghost_gozag,
          minmay_three_doors, uniq_sonja
D:11:     layout_roguey, lair_entry_dummy
D:12:     minmay_outward_triangles, layout_cave_pools, serial_shops,
          nicolae_square_shop
D:13:     layout_cave_pools
D:14:     layout_basic, hangedman_vaults_entry_quadrant_bands, solitary_fountain
D:15:     hangedman_depths_entry_civil_slaughter, layout_loops_ring,
          serial_shops, nicolae_shop_bloodbath_and_beyond, enter_trove_0,
          kennysheep_pointless_box, kennysheep_flooded_box
Temple:   nicolae_temple_bog_church
Lair:1:   layout_small_grid, lemuel_altar_in_water2, serial_bayou_ford_a,
          cheibrodos_lair_caveside_slide, minmay_lair_oklob_bushes
Lair:2:   layout_roguey, minmay_shoals_entry_hut,
          nicolae_spider_entry_lesser_pyramids, lemuel_fruit_tree,
          serial_bayou_shore_b, grunt_megastairs_2, uniq_nergalle
Lair:3:   layout_regular_city, serial_bayou_shore_a
Lair:4:   layout_misc_corridors, st_stairs_5, serial_bayou_pond_c,
          grunt_megastairs_1
Lair:5:   hangedman_lair_in_review, layout_hall_layers,
          guppyfry_lair_end_dragon, slime_entry_2, infiniplex_staircase_pool_2
Shoals:1: layout_shoals, lemuel_oklob_altar
Shoals:2: layout_shoals, serial_shops, nicolae_shop_hallway_stairs,
          lemuel_centaur_altar
Shoals:3: layout_shoals, gammafunk_ghost_berserking_beasts, serial_shops, shop,
          uniq_ilsuiw
Shoals:4: shoals_end_simple, layout_shoals
Spider:1: layout_spider_delve, nicolae_spider_baby_got_redback
Spider:2: layout_spider_delve, nicolae_spider_moth_buddies
Spider:3: spider_temple_joshua, drop_trap, guppyfry_spider_mini_3
Spider:4: grunt_spider_rune_island, hellmonk_narrow_tunnel, uniq_bai_suzhen
Orc:1:    nicolae_orc_accident_1, layout_caves, nicolae_orc_sculptors_studio,
          mines4_lemuel
Orc:2:    st_orc_mages, layout_caves, portal_ice_cave_entry_animals_and_master
Elf:1:    elf_arrival_001, layout_loops_cross, st_stairs_12, uniq_roxanne
Elf:2:    elven_hall_of_blades_hangedman_alternative
          [mumra_blade_entry_bloodbath], layout_geoelf_diagonals, minivault_16,
          nicolae_elf_glass_and_crystal_pillar_1
Elf:3:    grunt_elf_hall_spiral, layout_gridlike
Vaults:1: vaults_room_large_hall, vaults_mumra_bighexcomb,
          nicolae_vaults_border_crossing, nicolae_vaults_ring_of_whatevers,
          nicolae_vaults_sealed_display, vaults_room_pools,
          grunt_vaults_diagonal, nicolae_vaults_mini_display_case,
          ontoclasm_vaults_loading_screen, ontoclasm_vaults_gateway,
          layout_vaults_big_room, serial_shops, nicolae_shop_hallway_stairs
Vaults:2: portal_desolation_entry_garden, nicolae_vaults_triangles,
          vaults_mumra_chevron_long, nicolae_vaults_network_barrier, v_misc_14,
          hangedman_vaults_stream, nicolae_vaults_meeting, v_misc_5,
          nicolae_vaults_alarming, v_misc_26, ontoclasm_vaults_ring_square,
          layout_vaults_maze_bifur
Vaults:3: hangedman_vaults_slice, minmay_crypt_entry_simple_sparse,
          st_greater_box_4, vaults_room_boxed, vaults_room_stairs_pillars,
          vaults_mumra_hexcomb, v_alt_pattern_6,
          nicolae_vaults_network_periphery, ontoclasm_vaults_hangar,
          vaults_dpeg_cross, dpeg_vaults_monster_row, vaults_dpeg_encased_lava,
          ontoclasm_vaults_loading_screen, layout_vaults_omnibox
Vaults:4: v_pattern_5, v_alt_pattern_4, vaults_room_door_hall, v_rooms_6,
          nicolae_vaults_big_angled_halls, ontoclasm_vaults_ring_small,
          v_alt_pattern_4, grunt_vaults_funnel, ontoclasm_vaults_bender,
          nicolae_vaults_little_squares_4, vaults_room_corners,
          layout_vaults_big_cross, uniq_mennas
Vaults:5: uniq_sojobo
Crypt:1:  layout_misc_corridors, basic_altar, minivault_25,
          hangedman_weighted_door, uniq_jory, uniq_zenata, uniq_saint_roka
Crypt:2:  layout_misc_corridors, fountainhead
Crypt:3:  david_glass_crypt, layout_misc_corridors,
          tomb_entry_forgotten_bobbens, grunt_megastairs_3, uniq_frederick,
          uniq_josephina
Depths:1: layout_basic, serial_shops, nicolae_shop_statue_plus,
          grunt_hell_entry_dis_mu, minivault_11, grunt_pan_entry_spiral,
          nemelex_lonely_heart_becter, serial_bayou_shore_b,
          serial_bayou_shore_b
Depths:2: regret_index_uskayaw_diablada_macabre, layout_cave_shapes,
          enter_ziggurat_e, hell_entry, pan_entry, kennysheep_crisscross,
          nicolae_triple_integral, uniq_asterion
Depths:3: minmay_the_grid_octo_tiled_octocenter
          [minmay_the_grid_octo_tetromino_candy, minmay_the_grid_octo_pinwheel,
          minmay_the_grid_octo_vomiting_pacman, minmay_the_grid_octo_toaster,
          minmay_the_grid_octo_prize_star,
          minmay_the_grid_square_5x5_spiral_small,
          minmay_the_grid_square_5x5_pentomino_r,
          minmay_the_grid_square_5x5_plus,
          minmay_the_grid_square_5x5_three_walls], layout_long_grid,
          rand_demon_pan_entry_1, abyss_entry, hell_entry,
          kennysheep_nondescript, serial_sigils_hangedman_scratch
Depths:4: grunt_bruiser_brothers, layout_gridlike, lightli_too_deep
Zot:1:    layout_cellular_growth, st_small_dragon_hoard_2
Zot:2:    layout_gridville
Zot:3:    layout_cathedral_of_symmetry, basic_altar
Zot:4:    layout_basic, grunt_megastairs_4
Zot:5:    layout_misc_corridors

Skill      XL: |  1  2  3  4  5  6  7  8  9 10 11 12 13 14 15 16 17 18 19 20 21 22 23 24 25 26 |
---------------+-------------------------------------------------------------------------------+-----
Invocations    | 1 2 3 4 5 6 7 8 9 10 11 12 13 14 15 16 17 18 19 | 19.9
Short Blades   | 1 2 3 4 5 6 7 8 9 10 11 12 13 14 15 16 17 18 | 18.4
Axes           | 1 2 3 4 5 6 7 8 9 10 11 12 13 14 15 16 17 18 | 18.4
Maces & Flails | 1 2 3 4 5 6 7 8 9 10 11 12 13 14 15 16 17 18 | 18.4
Polearms       | 1 2 3 4 5 6 7 8 9 10 11 12 13 14 15 16 17 18 | 18.4
Staves         | 1 2 3 4 5 6 7 8 9 10 11 12 13 14 15 16 17 18 | 18.4
Ranged Weapons | 1 2 3 4 5 6 7 8 9 10 11 12 13 14 15 16 17 18 | 18.4
Throwing       | 1 2 3 4 5 6 7 8 9 10 11 12 13 14 15 16 17 18 | 18.4
Armour         | 1 2 3 4 5 6 7 8 9 10 11 12 13 14 15 16 17 18 | 18.4
Shields        | 1 2 3 4 5 6 7 8 9 10 11 12 13 14 15 16 17 18 | 18.4
Unarmed Combat | 1 2 3 4 5 6 7 8 9 10 11 12 13 14 15 16 17 18 | 18.4
Spellcasting   | 1 2 3 4 5 6 7 8 9 10 11 12 13 14 15 16 17 18 | 18.4
Evocations     | 1 2 3 4 5 6 7 8 9 10 11 12 13 14 15 16 17 18 | 18.4
Conjurations   | 1 2 3 4 5 6 7 8 9 10 11 12 13 14 15 | 15.7
Hexes          | 1 2 3 4 5 6 7 8 9 10 11 12 13 14 15 | 15.7
Summonings     | 1 2 3 4 5 6 7 8 9 10 11 12 13 14 15 | 15.7
Necromancy     | 1 2 3 4 5 6 7 8 9 10 11 12 13 14 15 | 15.7
Translocations | 1 2 3 4 5 6 7 8 9 10 11 12 13 14 15 | 15.7
Transmutations | 1 2 3 4 5 6 7 8 9 10 11 12 13 14 15 | 15.7
Fire Magic     | 1 2 3 4 5 6 7 8 9 10 11 12 13 14 15 | 15.7
Ice Magic      | 1 2 3 4 5 6 7 8 9 10 11 12 13 14 15 | 15.7
Air Magic      | 1 2 3 4 5 6 7 8 9 10 11 12 13 14 15 | 15.7
Earth Magic    | 1 2 3 4 5 6 7 8 9 10 11 12 13 14 15 | 15.7
Poison Magic   | 1 2 3 4 5 6 7 8 9 10 11 12 13 14 15 | 15.7
Fighting       | 7 8 9 10 11 12 13 14 15 16 17 18 19 | 19.4
Long Blades    | 7 8 9 10 11 12 13 14 15 16 17 18 19 | 19.4
Dodging        | 7 8 9 10 11 12 13 14 15 16 17 18 19 | 19.4
Stealth        | 5 6 7 8 9 10 11 12 13 14 15 16 17 18 | 18.9

Action                   |  1- 3 |  4- 6 |  7- 9 | 10-12 | 13-15 | 16-18 | 19-21 | 22-24 | 25-27 || total
-------------------------+-------+-------+-------+-------+-------+-------+-------+-------+-------++-------
Melee: Falchion          |    58 |       |       |       |       |       |       |       |       ||    58
       Trident           |     7 |       |       |       |       |       |       |       |       ||     7
       Bite              |     7 |    25 |    28 |    45 |    10 |     7 |       |       |    10 ||   132
       Long sword        |    22 |       |       |       |       |       |       |       |       ||    22
       Flail             |    19 |   191 |   245 |   284 |       |       |       |       |       ||   739
       Punch             |       |     4 |    11 |    13 |     5 |     2 |    70 |   180 |   121 ||   406
       Staff             |       |       |       |    17 |    44 |    64 |     1 |       |       ||   126
       Unarmed           |       |       |       |       |       |     8 |   673 |  1024 |   590 ||  2295
       Tailslap          |       |       |       |       |       |       |       |       |     8 ||     8
Throw: Dart              |       |     2 |     6 |     8 |       |       |       |       |       ||    16
 Cast: Frozen Ramparts   |       |       |    17 |    41 |    28 |     6 |       |       |       ||    92
       Poisonous Vapours |       |       |    20 |    13 |       |       |       |       |       ||    33
       Hailstorm         |       |       |     1 |    81 |   126 |   123 |       |       |       ||   331
       Olgreb's Toxic Ra |       |       |       |    71 |   275 |   335 |     3 |       |       ||   684
       Vampiric Draining |       |       |       |     7 |    86 |    12 |       |       |       ||   105
       Freeze            |       |       |       |    32 |    11 |       |       |       |       ||    43
       Blink             |       |       |       |       |    11 |       |       |       |       ||    11
       Irradiate         |       |       |       |       |       |    85 |     5 |     7 |     7 ||   104
       Borgnjor's Vile C |       |       |       |       |       |    43 |    23 |    29 |    20 ||   115
       Storm Form        |       |       |       |       |       |     3 |    73 |   101 |    63 ||   240
       Vhi's Electric Ch |       |       |       |       |       |       |   132 |    97 |    44 ||   273
       Manifold Assault  |       |       |       |       |       |       |       |    12 |    14 ||    26
       Dragon Form       |       |       |       |       |       |       |       |       |     2 ||     2
       Apportation       |       |       |       |       |       |       |       |       |     1 ||     1
Invok: Minor Destruction |       |       |       |       |    14 |     8 |       |       |       ||    22
       Greater Servant o |       |       |       |       |       |     9 |       |     1 |       ||    10
       Lesser Servant of |       |       |       |       |       |     3 |       |       |       ||     3
 Abil: Blinkbolt         |       |       |       |       |       |     2 |    36 |    23 |    21 ||    82
       End Transformatio |       |       |       |       |       |       |     4 |       |     3 ||     7
Evoke: Wand              |       |       |     3 |     1 |     3 |     5 |       |     5 |     2 ||    19
       Lightning rod     |       |       |       |       |       |    16 |       |       |       ||    16
       Tin of tremorston |       |       |       |       |       |     2 |     3 |     4 |     2 ||    11
       Phial of floods   |       |       |       |       |       |       |       |     4 |       ||     4
       Phantom mirror    |       |       |       |       |       |       |       |     1 |       ||     1
       Condenser vane    |       |       |       |       |       |       |       |     1 |       ||     1
  Use: Scroll            |       |     4 |    10 |    13 |     9 |     5 |     3 |     8 |    13 ||    65
       Potion            |       |     1 |       |     3 |       |     2 |       |     3 |     3 ||    12
 Stab: Sleeping          |     5 |     9 |     2 |     6 |       |       |     4 |     1 |     2 ||    29
       Distracted        |       |       |       |       |       |       |       |     3 |     1 ||     4
       Confused          |       |       |       |       |       |       |       |     1 |       ||     1
Armor: Robe              |    18 |    52 |    19 |       |       |       |       |       |       ||    89
       Leather armour    |       |       |    27 |    30 |       |       |       |       |       ||    57
       Steam dragon scal |       |       |       |   123 |    63 |       |       |       |       ||   186
       Ring mail         |       |       |       |       |    37 |   204 |     1 |     1 |       ||   243
       Skin              |       |       |       |       |       |     1 |   102 |   187 |    85 ||   375
Dodge: Dodged            |    84 |   209 |   235 |   306 |   187 |   322 |   551 |   939 |   730 ||  3563
Block: Other             |       |    19 |    64 |    81 |    54 |     2 |       |       |       ||   220
       Reflection        |       |       |     1 |     2 |     2 |    32 |       |       |       ||    37
       Kite shield       |       |       |       |       |       |   521 |       |     5 |       ||   526

Table legend: (Time is in decaauts)
 A = Elapsed time spent in this place.
 B = Non-inter-level travel time spent in this place.
 C = Inter-level travel time spent in this place.
 D = Time resting spent in this place.
 E = Time spent auto-exploring this place.
 F = Levels seen in this place.
 G = Mean time per level.
                   A        B        C        D        E       F      G
               +--------+--------+--------+--------+--------+-----+--------+
         Total |  84611 |  78112 |   6499 |  15973 |  48575 |  54 | 1566.9 |
       Dungeon |  23869 |  21132 |   2737 |   4903 |  12226 |  15 | 1591.3 |
        Temple |    202 |    181 |     21 |      0 |    116 |   1 |  202.0 |
          Lair |  11182 |  10079 |   1103 |   1674 |   6865 |   5 | 2236.4 |
        Shoals |   6590 |   6195 |    395 |    407 |   4959 |   4 | 1647.5 |
   Spider Nest |   9110 |   8963 |    147 |   2312 |   5150 |   4 | 2277.5 |
  Orcish Mines |   2908 |   2690 |    218 |    728 |   1486 |   2 | 1454.0 |
   Elven Halls |   5200 |   4995 |    205 |   1020 |   3022 |   3 | 1733.3 |
        Vaults |  10082 |   9251 |    831 |   1630 |   5893 |   5 | 2016.4 |
         Crypt |   5309 |   5098 |    211 |   1740 |   2528 |   3 | 1769.7 |
        Depths |   6052 |   5598 |    454 |    442 |   4393 |   4 | 1513.0 |
           Zot |   3694 |   3523 |    171 |    953 |   1897 |   5 |  738.8 |
         Abyss |      6 |      6 |      0 |      0 |      0 |   1 |    6.0 |
         Trove |     30 |     30 |      0 |      0 |      0 |   1 |   30.0 |
       Ossuary |    370 |    370 |      0 |    160 |     38 |   1 |  370.0 |
               +--------+--------+--------+--------+--------+-----+--------+

Top non-repeatable levels by time:
  Lair:5: 4060 daAuts
     D:9: 3386 daAuts
Spider:4: 3211 daAuts
Vaults:3: 2764 daAuts
Shoals:4: 2679 daAuts
Vaults:5: 2679 daAuts
Spider:3: 2515 daAuts
   Elf:3: 2476 daAuts
    D:15: 2213 daAuts
Spider:1: 2184 daAuts
    D:14: 2151 daAuts
 Crypt:2: 2125 daAuts
  Lair:2: 2110 daAuts
    D:10: 2105 daAuts
    D:11: 2025 daAuts
